 Dungeon Crawl Stone Soup version 0.16.2-12-gd0ad4c3 (webtiles) character file.

23717 faibistes the Thaumaturge (level 12, -2/69 HPs)
             Began as a Deep Elf Wizard on Sept 10, 2018.
             Was the Champion of Sif Muna.
             Slain by Snorg (16 damage)
             ... on level 4 of the Lair of Beasts.
             The game lasted 00:54:20 (20986 turns).

faibistes the Thaumaturge (Deep Elf Wizard)        Turns: 20986, Time: 00:54:21

Health: -2/69      AC:  6    Str:  4    XL:     12   Next: 74%
Magic:  8/35       EV: 18    Int: 29    God:    Sif Muna [******]
Gold:   371        SH:  0    Dex: 17    Spells: 7 memorised, 18 levels left

rFire  . . .     SeeInvis .     w - +9 short sword (drain)
rCold  . . .     Clarity  .     t - +1 robe {MR+}
rNeg   . . .     SustAb   .     (no shield)
rPois  .         Gourm    .     b - +0 hat
rElec  .         Spirit   .     v - +0 cloak
rCorr  .         Warding  .     y - +0 pair of gloves
rMut   .         Stasis   .     s - +0 pair of boots
MR     ++...                    (no amulet)
Stlth  ++........               n - +4 ring of dexterity
                                F - ring of wizardry

@: repel missiles, very resistant to hostile enchantments, unstealthy
A: evolution 1
a: Channel Energy, Forget Spell, Renounce Religion


You were on level 4 of the Lair of Beasts.
You worshipped Sif Muna.
Sif Muna was exalted by your worship.
You were not hungry.

You visited 3 branches of the dungeon, and saw 17 of its levels.

You collected 671 gold pieces.
You spent 300 gold pieces at shops.

Inventory:

Hand weapons
 w - a +9 short sword of draining (weapon)
Armour
 b - a +0 hat (worn)
 s - a +0 pair of boots (worn)
 t - a +1 robe of magic resistance (worn)
 v - a +0 cloak (worn)
 y - a +0 pair of gloves (worn)
Magical staves
 O - an uncursed staff of poison
Jewellery
 n - a +4 ring of dexterity (right hand)
 F - a ring of wizardry (left hand)
 G - an uncursed ring of stealth
 Q - an uncursed ring of sustain abilities
Magical devices
 c - a wand of lightning (3)
 D - a wand of magic darts (16)
 H - a wand of draining (5)
 J - a wand of frost (25)
 S - a wand of polymorph (9)
 U - a wand of digging (16)
Scrolls
 e - 3 scrolls of blinking
 j - a scroll of magic mapping
 o - 3 scrolls of fear
 p - 3 scrolls of fog
 q - 5 scrolls of teleportation
 N - 2 scrolls of remove curse
 P - 2 scrolls of recharging
Potions
 g - a potion of cancellation
 i - 3 potions of brilliance
 l - 2 potions of agility
 m - a potion of ambrosia
 u - 3 potions of might
 z - a potion of cure mutation
 B - a potion of resistance
 C - a potion of lignification
 E - 2 potions of invisibility
 I - 3 potions of curing
 R - a potion of restore abilities {unknown}
 V - 2 potions of degeneration {unknown}
Books
 a - Sif Muna's Handbook of the Entourage
   (Sif Muna gifted it to you on level 3 of the Lair of Beasts)

   Spells                             Type                      Level
   a - Call Canine Familiar           Summoning                    3
   b - Summon Guardian Golem          Hexes/Summoning              4
   c - Summon Hydra                   Summoning                    7
Comestibles
 d - 19 bread rations
 f - 3 chunks of flesh
 x - 4 meat rations


   Skills:
 + Level 5.9 Fighting
 + Level 8.8 Dodging
 - Level 2.4 Stealth
 * Level 13.5 Spellcasting
 * Level 8.4 Conjurations
 + Level 5.9 Charms
 - Level 5.5 Summonings
 + Level 6.6 Translocations
 * Level 8.0 Fire Magic
 - Level 3.2 Air Magic
 - Level 2.3 Poison Magic
 * Level 7.0 Invocations
 + Level 4.7 Evocations


You had 18 spell levels left.
You knew the following spells:

 Your Spells              Type           Power        Failure   Level  Hunger
a - Magic Dart            Conj           ####         1%          1    None
b - Conjure Flame         Conj/Fire      ######..     1%          3    None
c - Summon Forest         Summ/Tloc      ######....   3%          5    #......
d - Blink                 Tloc           N/A          1%          2    None
e - Mephitic Cloud        Conj/Pois/Air  #####...     1%          3    None
f - Repel Missiles        Chrm/Air       #####.       1%          2    None
x - Force Lance           Conj/Tloc      ######..     1%          4    None


Dungeon Overview and Level Annotations

Branches:
Dungeon (11/15)            Temple (1/1) D:6            Lair (5/8) D:9
  Snake (0/5) Lair:3
  Swamp: Lair:3-6    Shoals: Lair:3-6       Orc: D:9-12

Altars:
Ashenzari
Cheibriados
Dithmenos
Elyvilon
Fedhas
Gozag
Kikubaaqudgha
Makhleb
Nemelex Xobeh
Okawaru
Qazlal
Ru
Sif Muna
Trog
Vehumet
Xom
Yredelemnul
Zin
The Shining One

Shops:
D:7 =   D:8 (

Annotations:
Lair:4 Snorg


Innate Abilities, Weirdness & Mutations

You evolve.


Message History

Confirm with . or Enter, or press ? or * to list all spells.
Aiming: Conjure Flame
Press: ? - help, Dir - move target cursor, p - Snorg The fire roars!
Use which ability? (? or * to list)
You channel some magical energy.
You feel somewhat more hungry.
Snorg is engulfed in roaring flames.
Snorg barely misses you. Snorg completely misses you. x2
You puncture Snorg!
Snorg is lightly wounded.
Snorg is engulfed in roaring flames.
Snorg bites you!! Snorg closely misses you. x2
You hit Snorg. You drain Snorg!
Snorg is moderately wounded.
Snorg is engulfed in roaring flames.
Snorg misses you. Snorg completely misses you. Snorg claws you.
Snorg is engulfed in roaring flames.
Snorg bites you!
* * * LOW HITPOINT WARNING * * *
Snorg misses you. Snorg claws you!
You die...

.#P #. ......
#..##..P.
......P. ......
.#..# #...# ###.
..P#.##...#......
........@........
..##.###T##......
###.P#...#.
#.P..#..# .
#.......#.. #..
#####...PP..#
......
...........##
......#
#.......#.#
P...#.#
##♣....####


You could see Snorg (berserk).

Vanquished Creatures
  Gastronok (D:10)
  A hydra (Lair:4)
  Erica (Lair:3)
  4 death yaks (Lair:3)
  Pikel (D:8)
  A hill giant (D:7)
  5 spiny frogs
  A komodo dragon (Lair:1)
  A two-headed ogre (D:9)
  Prince Ribbit (Lair:3)
  11 blink frogs
  A basilisk (Lair:4)
  A spriggan (D:8)
  29 yaks
  3 hippogriffs
  A wolf (Lair:4)
  11 porcupines
  2 sky beasts
  A soldier ant (D:8)
  6 water moccasins
  7 ogres
  4 centaurs
  A wasp (D:7)
  A black bear (D:9)
  A phantom (D:9)
  2 crocodiles
  3 orc warriors
  Sigmund (D:2)
  Duvessa (D:4)
  A big kobold (D:9)
  10 giant frogs
  Blork the orc (D:7)
  2 scorpions
  A wyvern skeleton (D:9)
  3 wights (D:6)
  3 crimson imps
  Dowan (D:4)
  A centaur zombie (D:10)
  A jelly (D:6)
  6 iguanas
  A giant frog skeleton (D:5)
  3 goliath beetles
  Crazy Yiuf (D:2)
  10 hounds
  4 orc priests
  4 orc wizards
  2 gnoll shamans
  7 worker ants
  A killer bee zombie (D:9)
  A sheep (D:8)
  A hound zombie (D:9)
  A worker ant zombie (D:8)
  12 adders
  19 gnolls
  16 river rats
  2 giant mites
  A shadow imp (D:7)
  4 worms
  An adder skeleton (D:6)
  An ooze (D:2)
  27 orcs
  3 ball pythons
  2 bat skeletons
  A bat zombie (D:5)
  6 giant cockroaches
  14 hobgoblins
  9 jackals
  17 bats
  9 giant geckos
  A giant gecko zombie (D:7)
  7 giant newts
  8 goblins
  A jackal skeleton (D:4)
  11 kobolds
  10 quokkas
  A quokka skeleton (D:7)
  A quokka zombie (D:8)
  13 rats
  A fungus (D:2)
368 creatures vanquished.

Vanquished Creatures (collateral kills)
  2 spiny frogs
  A komodo dragon (Lair:4)
  5 blink frogs
  4 yaks
  2 nagas (Lair:3)
  3 water moccasins
  2 porcupines
  A crocodile (Lair:4)
  A giant frog (D:9)
  An orc priest (D:9)
  19 river rats
  A worm (D:1)
  9 orcs (D:9)
  A goblin (D:1)
  3 jackals (D:1)
  A rat (D:9)
  6 fungi
  15 plants
77 creatures vanquished.

Vanquished Creatures (others)
  A dryad (Lair:2)
  4 slaves (D:8)
  A centaur (D:8)
  An ogre (D:8)
  4 orcs
  A ball python (D:8)
  A quokka (D:9)
  A giant spore (D:6)
  A rat (D:8)
  7 fungi
  3 plants
  2 snaplasher vines (Lair:2)
  878 snaplasher vine segments
905 creatures vanquished.

Grand Total: 1350 creatures vanquished

Notes
Turn   | Place    | Note
--------------------------------------------------------------
     0 | D:1      | faibistes, the Deep Elf Wizard, began the quest for the Orb.
     0 | D:1      | Reached XP level 1. HP: 10/10 MP: 6/6
   262 | D:1      | Reached XP level 2. HP: 15/15 MP: 6/9
   266 | D:1      | Learned a level 2 spell: Blink
   269 | D:1      | Learned a level 2 spell: Call Imp
   833 | D:1      | Reached XP level 3. HP: 19/19 MP: 9/13
   838 | D:1      | Learned a level 3 spell: Conjure Flame
   842 | D:1      | Learned a level 3 spell: Mephitic Cloud
   868 | D:1      | Reached skill level 5 in Spellcasting
  1195 | D:2      | Found a shadowy altar of Dithmenos.
  1334 | D:3      | Reached XP level 4. HP: 24/24 MP: 15/17
  1346 | D:3      | Learned a level 2 spell: Repel Missiles
  1668 | D:2      | Found a glowing golden altar of the Shining One.
  1668 | D:2      | Found a glowing silver altar of Zin.
  1669 | D:2      | Found an opulent altar of Gozag.
  1790 | D:2      | Reached XP level 5. HP: 28/28 MP: 18/20
  1868 | D:2      | Found a blossoming altar of Fedhas.
  1910 | D:2      | Noticed Sigmund
  1977 | D:2      | Killed Sigmund
  1977 | D:2      | Reached skill level 6 in Spellcasting
  2439 | D:2      | Noticed Crazy Yiuf
  2448 | D:2      | Killed Crazy Yiuf
  2941 | D:3      | Reached XP level 6. HP: 29/32 MP: 16/22
  2971 | D:3      | Noticed a centaur
  2979 | D:3      | Killed a centaur
  3566 | D:4      | Reached skill level 7 in Spellcasting
  3701 | D:4      | Found a sparkling altar of Nemelex Xobeh.
  3712 | D:5      | Entered Level 5 of the Dungeon
  3881 | D:4      | Noticed an ogre
  3887 | D:4      | Killed an ogre
  3950 | D:4      | Noticed Duvessa
  3951 | D:4      | Noticed Dowan
  4006 | D:4      | Killed Duvessa
  4006 | D:4      | Reached XP level 7. HP: 34/36 MP: 19/25
  4030 | D:4      | Killed Dowan
  4387 | D:4      | Noticed an ogre
  4392 | D:4      | Killed an ogre
  4392 | D:4      | Reached skill level 1 in Fighting
  4392 | D:4      | Reached skill level 8 in Spellcasting
  4728 | D:5      | Found a shattered altar of Ashenzari.
  4768 | D:5      | Learned a level 4 spell: Force Lance
  4782 | D:5      | Reached skill level 5 in Dodging
  5261 | D:5      | Reached XP level 8. HP: 42/44 MP: 21/27
  5280 | D:5      | Reached skill level 9 in Spellcasting
  6777 | D:6      | You fall through a shaft!
  6922 | D:6      | Reached skill level 10 in Spellcasting
  7189 | D:6      | Found a staircase to the Ecumenical Temple.
  7202 | Temple   | Entered the Ecumenical Temple
  7231 | Temple   | Became a worshipper of Sif Muna the Loreminder
  7912 | D:8      | Reached XP level 9. HP: 52/52 MP: 25/30
  8048 | D:7      | Reached skill level 1 in Air Magic
  8412 | D:7      | Reached skill level 1 in Fire Magic
  8412 | D:7      | Reached skill level 1 in Poison Magic
  8416 | D:7      | Noticed a hill giant
  8427 | D:7      | Killed a hill giant
  8427 | D:7      | Acquired Sif Muna's first power
  8572 | D:7      | Found Klucs' Jewellery Shoppe.
  8574 | D:8      | Noticed Pikel
  8591 | D:8      | Killed Pikel
  8591 | D:8      | Reached skill level 5 in Conjurations
  8663 | D:7      | Bought an uncursed ring of wizardry for 300 gold pieces
  8669 | D:7      | Noticed Blork the orc
  8677 | D:7      | Killed Blork the orc
  8677 | D:7      | Acquired Sif Muna's second power
  8894 | D:7      | Reached skill level 11 in Spellcasting
 10527 | D:8      | Reached XP level 10. HP: 57/57 MP: 14/32
 10637 | D:8      | Reached skill level 1 in Charms
 10792 | D:8      | Found a bloodstained altar of Trog.
 10818 | D:8      | Reached skill level 1 in Invocations
 11033 | D:8      | Learned a level 5 spell: Summon Forest
 11256 | D:10     | Entered Level 10 of the Dungeon
 11422 | D:8      | Found Moent's Antique Weapon Emporium.
 11599 | D:9      | Found a staircase to the Lair.
 12412 | D:10     | Noticed Gastronok
 12928 | D:9      | Reached skill level 5 in Summonings
 12996 | D:10     | Killed Gastronok
 12996 | D:10     | Reached skill level 1 in Evocations
 13128 | D:9      | Found a white marble altar of Elyvilon.
 13927 | D:9      | Reached skill level 5 in Fire Magic
 14378 | Lair:1   | Entered Level 1 of the Lair of Beasts
 14585 | Lair:1   | Reached XP level 11. HP: 62/62 MP: 27/33
 15006 | Lair:1   | Reached skill level 12 in Spellcasting
 15012 | Lair:1   | Acquired Sif Muna's third power
 15012 | Lair:1   | Reached skill level 5 in Translocations
 15013 | Lair:1   | Reached skill level 5 in Fighting
 15296 | Lair:1   | Reached skill level 5 in Invocations
 15363 | Lair:1   | Found a shimmering altar of Xom.
 17715 | Lair:2   | Gained mutation: You evolve. [potion of beneficial mutation]
 18045 | Lair:2   | Reached XP level 12. HP: 68/68 MP: 18/35
 18288 | Lair:3   | Noticed Prince Ribbit
 18294 | Lair:3   | Reached skill level 5 in Charms
 18295 | Lair:3   | Killed Prince Ribbit
 18454 | Lair:3   | Reached skill level 13 in Spellcasting
 18573 | Lair:3   | Found a staircase to the Snake Pit.
 19555 | Lair:3   | Noticed Erica
 19564 | Lair:3   | Killed Erica
 20220 | Lair:3   | Received a gift from Sif Muna
 20221 | Lair:3   | Identified Sif Muna's Handbook of the Entourage (Sif Muna gifted it to you on level 3 of the Lair of Beasts)
 20790 | Lair:4   | Noticed a four-headed hydra
 20802 | Lair:4   | Killed a four-headed hydra
 20957 | Lair:4   | Noticed Snorg
 20986 | Lair:4   | Slain by Snorg

Action                   |  1- 3 |  4- 6 |  7- 9 | 10-12 || total
-------------------------+-------+-------+-------+-------++-------
Melee: Unarmed           |     2 |       |       |       ||     2
       Dagger            |     1 |    33 |       |       ||    34
       Club              |     1 |       |       |       ||     1
       Short sword       |       |       |    49 |   142 ||   191
 Cast: Magic Dart        |    83 |   145 |   284 |   186 ||   698
       Call Imp          |     4 |       |       |       ||     4
       Repel Missiles    |       |     1 |       |     1 ||     2
       Conjure Flame     |       |     7 |    46 |    88 ||   141
       Mephitic Cloud    |       |     7 |    24 |    32 ||    63
       Force Lance       |       |       |    37 |   163 ||   200
       Blink             |       |       |    11 |    12 ||    23
       Summon Forest     |       |       |       |    19 ||    19
Invok: Channel Energy    |       |       |       |    25 ||    25
  Use: Scroll            |       |    12 |     5 |    19 ||    36
       Potion            |       |     1 |     1 |     3 ||     5
 Stab: Confused          |       |       |     4 |     6 ||    10
       Distracted        |       |       |       |     2 ||     2
  Eat: Chunk             |     1 |     7 |    18 |    33 ||    59
       Beef jerky        |       |     1 |       |       ||     1
       Pizza             |       |       |     1 |     1 ||     2
       Royal jelly       |       |       |       |     1 ||     1
